 Dungeon Crawl Stone Soup version 0.29.1 (webtiles) character file.

Game seed: 18149538929398152867

7 xian the Gusty (level 1, 0/13 HPs)
             Began as a Demonspawn Air Elementalist on Sept 12, 2022.
             Slain by an endoplasm (2 damage)
             ... on level 1 of the Dungeon.
             The game lasted 00:00:29 (320 turns).

xian the Gusty (Demonspawn Air Elementalist)         Turns: 320, Time: 00:00:30

Health: 0/13       AC:  2    Str:  8    XL:     1   Next: 83%
Magic:  1/3        EV: 12    Int: 16    God:
Gold:   0          SH:  0    Dex: 13    Spells: 3/4 levels left

rFire   . . .      SeeInvis .   (no weapon)
rCold   . . .      Faith    .   (no shield)
rNeg    . . .      Spirit   .   a - +0 robe
rPois   .          Reflect  .   (no helmet)
rElec   .          Harm     .   (no cloak)
rCorr   .          Rampage  .   (no gloves)
Will    .....                   (no boots)
Stlth   ++........              (no amulet)
HPRegen 0.04/turn               (no ring)
MPRegen 0.08/turn               (no ring)

@: no status effects
A: no striking features
a: no special abilities


You were on level 1 of the Dungeon.
You visited 1 branch of the dungeon, and saw 1 of its levels.

Inventory:

Armour
 a - a +0 robe (worn)
Scrolls
 d - a scroll of torment {unknown}
 f - a scroll of immolation {unknown}
Potions
 b - a potion of magic
 c - a potion of attraction {unknown}
 e - a potion of brilliance {unknown}


   Skills:
 + Level 2.0 Dodging
 + Level 1.7 Stealth
 + Level 2.1 Spellcasting
 + Level 1.0 Conjurations
 + Level 2.8 Air Magic


You had 3 spell levels left.
You knew the following spells:

 Your Spells              Type           Power      Damage    Failure   Level
a - Shock                 Conj/Air       28%        1d4       10%         1

Your spell library contained the following spells:

 Spells                   Type           Power      Damage    Failure   Level
 Static Discharge         Conj/Air       7%         3-4/arc   14%         2
 Foxfire                  Conj/Fire      12%        2x1d4     17%         1
 Swiftness                Air            10%        N/A       19%         3
 Conjure Flame            Conj/Fire      3%         6-21      45%         3
 Inner Flame              Hex/Fire       1%         N/A       52%         3
 Airstrike                Air            5%         2d(1-17)  54%         4
 Flame Wave               Conj/Fire      3%         2d5       86%         4


Dungeon Overview and Level Annotations

Branches:
Dungeon (1/15)

Altars:


Message History

You are very lightly contaminated with residual magic.
Nothing appears to happen.
The zap hits the endoplasm.
The endoplasm is lightly wounded.
The endoplasm quivers.
The zap hits the endoplasm.
The endoplasm is heavily wounded.
The endoplasm freezes you.
You are frozen.
You are out of magic!
You are out of magic!
You are out of magic!
You are out of magic!
The endoplasm attacks as you move away! The endoplasm misses you.
The endoplasm attacks as you move away! The endoplasm barely misses you.
The endoplasm attacks as you move away! The endoplasm misses you.
Your magical contamination has completely faded away.
You barely miss the endoplasm.
The endoplasm is moderately wounded.
The endoplasm closely misses you.
You hit the endoplasm but do no damage.
The endoplasm is moderately wounded.
The endoplasm hits you.
You hit the endoplasm but do no damage.
The endoplasm is moderately wounded.
The endoplasm hits you but does no damage.
You hit the endoplasm but do no damage.
The endoplasm is moderately wounded.
The endoplasm hits you.
An endoplasm is nearby!
The endoplasm hits you.
* * * LOW HITPOINT WARNING * * *
There is an open door, spattered with blood here.
The endoplasm attacks as you move away! The endoplasm barely misses you.
The endoplasm attacks as you move away!
The endoplasm hits you but does no damage.
Things that are here:
a +0 whip; a kobold corpse The endoplasm attacks as you move away!
The endoplasm hits you.
You die...

#...##........ #...#
###.....
################...#
#...###.
#..(...........'...#
#.### #.
#.###'#####.####...#
#.# #. ##8.8## #.#
#######.# #.
##.....###)# #.....#
#. ##8...[.8##J####
#.##### ##
##.........##@..# #.#
.
#8.........8#...###.#
##
+...........+.#.....#
#8.........8#.#######
##.........##.#
##8.....8##..#
##.....##..##
##8.8###.## ##'####.#


You could see an endoplasm.

Vanquished Creatures
  A bat (D:1)
  A goblin (D:1)
  A frilled lizard (D:1)
  2 kobolds (D:1)
  2 rats (D:1)
7 creatures vanquished.

Notes
Turn   | Place    | Note
-------+----------+-------------------------------------------
     0 | D:1      | xian the Demonspawn Air Elementalist began the quest for
                  | the Orb.
     0 | D:1      | Reached XP level 1. HP: 13/13 MP: 3/3
   320 | D:1      | Slain by an endoplasm

Illustrated notes

Levels and vault maps discovered:
D:1:      dpeg_arrival_yet_another_circle, layout_basic,
          hellmonk_ecumenical_altar_heavens_door, solitary_fountain,
          dk_noncrumbling_4

Skill      XL: |  1 |
---------------+----+-----
Dodging        | 2 |  2.0
Stealth        | |  1.7
Spellcasting   | |  2.1
Conjurations   | |  1.0
Air Magic      | |  2.8

Action                   || total
-------------------------++-------
Melee: Unarmed           ||     4
 Cast: Shock             ||    12
Armor: Robe              ||     2
Dodge: Dodged            ||     5
